 Dungeon Crawl Stone Soup version 0.18.1-50-g88ac8fd (webtiles) character file.

58 Kronon the Skirmisher (level 4, -6/38 HPs)
             Began as a Formicid Abyssal Knight on Oct 1, 2016.
             Was a Believer of Lugonu.
             Mangled by an orc
             ... wielding a +0 flail
              (8 damage)
             ... on level 3 of the Dungeon.
             The game lasted 00:03:21 (1514 turns).

Kronon the Skirmisher (Formicid Abyssal Knight)     Turns: 1514, Time: 00:03:21

Health: -6/38      AC:  3    Str: 22    XL:     4   Next: 20%
Magic:  5/5        EV: 11    Int: 12    God:    Lugonu [**....]
Gold:   67         SH:  0    Dex: 10    Spells: 0 memorised, 3 levels left

rFire  . . .     SeeInvis +     a - +1 spear
rCold  + . .     Gourm    .     b - +0 leather armour
rNeg   . . .     Faith    .     (no shield)
rPois  .         Spirit   .     (helmet unavailable)
rElec  .         Dismiss  .     (no cloak)
rCorr  .         Reflect  .     (no gloves)
SustAt .         Harm     .     (no boots)
MR     .....                    (no amulet)
Stlth  +.........               (no ring)
                                o - ring of protection from cold

@: mighty, lethally poisoned (-6 -> -9), not resistant to hostile enchantments,
very unstealthy
A: permanent stasis, dig shafts and tunnels, four strong arms, antennae 3
a: Dig, Shaft Self, Depart the Abyss, Bend Space, Renounce Religion


You were on level 3 of the Dungeon.
You worshipped Lugonu.
Lugonu was pleased with you.
You were not hungry.

You visited 1 branch of the dungeon, and saw 3 of its levels.
You visited the Abyss 1 time.

You collected 67 gold pieces.

Inventory:

Hand Weapons
 a - a +1 spear (weapon)
 t - a +0 trident
Missiles
 e - 3 tomahawks (quivered)
Armour
 b - a +0 leather armour (worn)
Jewellery
 o - a ring of protection from cold (left hand)
Scrolls
 f - 2 scrolls of enchant weapon {unknown}
 h - 2 scrolls of magic mapping {unknown}
 k - 2 scrolls of fog {unknown}
 l - 2 scrolls of remove curse {unknown}
 r - a scroll of immolation {unknown}
Potions
 g - a potion of haste
 j - a potion of cancellation
 m - a potion of magic {unknown}
 n - a potion of invisibility
 q - a potion of berserk rage
Books
 u - a book of Envenomations

   Spells                             Type                      Level
   a - Spider Form                    Transmutation/Poison         3
   b - Olgreb's Toxic Radiance        Poison                       4
   c - Alistair's Intoxication        Transmutation/Poison         5
   d - Poisonous Cloud                Conjuration/Poison/Air       6
Comestibles
 c - 2 bread rations
 d - 2 chunks of flesh
 i - a slice of pizza
 p - a meat ration


   Skills:
 + Level 4.4 Fighting
 + Level 2.2 Polearms
 + Level 2.6 Armour
 + Level 1.2 Dodging
 + Level 0.6 Stealth
 + Level 2.3 Invocations


You had 3 spell levels left.
You didn't know any spells.

Dungeon Overview and Level Annotations

Branches:
Dungeon (3/15)

Altars:


Innate Abilities, Weirdness & Mutations

You are under a permanent stasis effect.
You can dig through walls and to a lower floor.
Your four strong arms can wield two-handed weapons with a shield.
You have a pair of large antennae on your head (SInv).


Message History

You closely miss the orc.
You feel sick. The orc hits you with a flail!
* * * LOW HITPOINT WARNING * * *
You hit the orc.
The orc is severely wounded.
The orc closely misses you.
You hit the orc but do no damage.
The orc is severely wounded.
The orc misses you.
You hit the orc but do no damage.
The orc is severely wounded.
* * * LOW HITPOINT WARNING * * *
You feel sick.
Drink which item? (? for menu, Esc to quit)
It was a potion of might.
You feel very mighty all of a sudden. The orc misses you.
You hit the orc but do no damage.
The orc is severely wounded.
The orc hits you with a flail!
You die...

###########
#.........######
#...............
#...............
#.........=.....
#...............
#......o@.......
#...............
#####...####<..#
#.#.(###..##
#.##......# #
#..###.## #..#
#.# #..# #.#
#.#..###.#


You could see an orc.

Vanquished Creatures
  An adder (D:2)
  A dart slug (D:1)
  2 giant geckos (D:1)
  4 giant cockroaches
  10 goblins
  5 hobgoblins
  11 kobolds
  A quokka (D:2)
  4 bats
  A giant newt (D:2)
  2 rats
42 creatures vanquished.

Notes
Turn   | Place    | Note
--------------------------------------------------------------
     0 | Abyss:1  | Kronon the Formicid Abyssal Knight began the quest for the Orb.
     0 | Abyss:1  | Reached XP level 1. HP: 18/18 MP: 2/2
    20 | Abyss:1  | Noticed a quasit
    27 | D:1      | Escaped the Abyss
    96 | D:1      | Reached * piety under Lugonu
   130 | D:1      | Reached XP level 2. HP: 18/24 MP: 3/3
   260 | D:1      | Reached skill level 1 in Dodging
   382 | D:1      | Reached skill level 4 in Fighting
   475 | D:1      | Reached XP level 3. HP: 23/30 MP: 4/4
  1045 | D:2      | Reached XP level 4. HP: 22/38 MP: 5/5
  1480 | D:3      | Reached ** piety under Lugonu
  1514 | D:3      | Mangled by an orc

Skill      XL: |  1  2 |
---------------+-------+-----
Dodging        | 1 |  1.2
Fighting       | 4 |  4.4
Polearms       | |  2.2
Armour         | |  2.6
Stealth        | |  0.6
Invocations    | |  2.3

Action                   |  1- 3 |  4- 6 || total
-------------------------+-------+-------++-------
Melee: Spear             |   123 |    42 ||   165
Invok: Depart the Abyss  |     1 |       ||     1
  Use: Potion            |     3 |     1 ||     4
       Scroll            |       |     3 ||     3
  Eat: Chunk             |     1 |     1 ||     2
Armor: Leather armour    |    30 |     1 ||    31
Dodge: Dodged            |    67 |    26 ||    93
